 Dungeon Crawl Stone Soup version 0.29-a0-416-g83a48905f1 (webtiles) character file.

Game seed: 14741309258929982260

39 croobank the Sneak (level 3, -1/21 HPs)
             Began as an Octopode Fire Elementalist on May 16, 2022.
             Slain by an orc priest
             ... wielding a +0 hand axe
              (6 damage)
             ... on level 3 of the Dungeon.
             The game lasted 00:04:22 (1490 turns).

croobank the Sneak (Octopode Fire Elementalist)     Turns: 1490, Time: 00:04:23

Health: -1/21      AC:  1    Str:  7    XL:     3   Next: 45%
Magic:  6/6        EV: 13    Int: 19    God:
Gold:   117        SH:  0    Dex: 12    Spells: 3/6 levels left

rFire   . . .      SeeInvis .   e - staff of poison
rCold   . . .      Faith    .   (no shield)
rNeg    . . .      Spirit   .   (helmet restricted)
rPois   +          Reflect  .   (no amulet)
rElec   .          Harm     .   (no ring)
rCorr   .          Rampage  .   (no ring)
Will    .....                   (no ring)
Stlth   +++.......              (no ring)
HPRegen 0.07/turn               (no ring)
MPRegen 0.10/turn               (no ring)
                                (no ring)
                                (no ring)

@: very slightly contaminated
A: almost no armour, amphibious, 8 rings, camouflage 1, gelatinous body 1,
(nimble swimmer 1), tentacles
a: no special abilities


You were on level 3 of the Dungeon.
You visited 1 branch of the dungeon, and saw 3 of its levels.

You collected 117 gold pieces.

Inventory:

Hand Weapons
 h - a +0 dagger
Missiles
 b - 96 stones
 c - 5 datura-tipped darts
 j - 11 poisoned darts
 l - 3 boomerangs
Magical Staves
 e - a staff of poison (weapon)
Jewellery
 m - a ring of magical power
Scrolls
 i - a scroll of identify {unknown}
 n - a scroll of vulnerability {unknown}
Potions
 d - a potion of curing {unknown}
 g - 2 potions of berserk rage {unknown}
 k - a potion of might {unknown}


   Skills:
 + Level 2.4 Dodging
 + Level 3.3 Stealth
 + Level 2.3 Spellcasting
 + Level 1.6 Conjurations
 + Level 3.3 Fire Magic


You had 3 spell levels left.
You knew the following spells:

 Your Spells              Type           Power      Damage    Failure   Level
a - Foxfire               Conj/Fire      44%        2x1d6     6%          1
b - Scorch                Fire           28%        2d6       6%          2

Your spell library contained the following spells:

 Spells                   Type           Power      Damage    Failure   Level
 Animate Skeleton         Necr           4%         N/A       16%         1
 Pain                     Necr           8%         1d4       16%         1
 Conjure Flame            Conj/Fire      11%        6-21      19%         3
 Inner Flame              Hex/Fire       8%         N/A       26%         3
 Vampiric Draining        Necr           2%         2d6       43%         3
 Flame Wave               Conj/Fire      11%        2d5       52%         4


Dungeon Overview and Level Annotations

Branches:
Dungeon (2/15)

Altars:
Trog

Annotations:
D:3 Grinder, Sigmund


Innate Abilities, Weirdness & Mutations

You cannot wear most types of armour.
You are amphibious.
You can wear up to eight rings at the same time.
Your skin changes colour to match your surroundings (Stealth+).
Your rubbery body absorbs attacks. (AC +1, EV +1)
((You are camouflaged when in or above water. (Stealth+)))
You have tentacles for arms and can constrict up to eight enemies at once.


Message History

Casting: Scorch (safe; 6% risk of failure)
Confirm with . or Enter, or press ? or * to list all spells.
Flames lash the orc.
You kill the orc!
You hear a shout!
Casting: Scorch (safe; 6% risk of failure)
Confirm with . or Enter, or press ? or * to list all spells.
You don't have enough magic to cast this spell.
Casting: Scorch (safe; 6% risk of failure)
Confirm with . or Enter, or press ? or * to list all spells.
You conjure some foxfire!
You barely miss the orc. Your grab misses the orc.
The foxfire hits the orc.
The orc is almost dead.
The foxfire hits the orc.
You kill the orc!
Grinder comes into view.
Casting: Foxfire (safe; 6% risk of failure)
Confirm with . or Enter, or press ? or * to list all spells.
You miscast Foxfire.
You are very lightly contaminated with residual magic.
Nothing appears to happen.
You hit the orc priest. You grab the orc priest.
The orc priest is lightly wounded.
You constrict the orc priest. Grinder gestures at you.
You suddenly lose the ability to move!
You lose your grip on the orc priest.
The orc priest hits you with a +0 hand axe.
The orc priest hits you with a +0 hand axe. x2
The orc priest mumbles some strange prayers to Beogh against you.
You barely resist.
You can move again.
Okay, then.
Magic courses through your body.
The orc priest hits you with a +0 hand axe.
* * * LOW HITPOINT WARNING * * *
The air fills with toxic fumes!
As you read the scroll labelled NISHRA MANUPH, it crumbles to dust.
It was a scroll of poison.
The orc priest hits you with a +0 hand axe.
You die...

#§# #o##.#...#. #§#
#.##.#...#. ####§#####
#o......... #.§§§§§§§#
#...##..... #.§§§§§§§#
#...##.##..
#.§§§§§§§#######o..##..##.
#.§§§§§5§§§.o.o....###.###
#.§§§§§§§o######.....#.# #
#.§§§§§§§@§§####...#.#.##.
#.§§§§§§§##§§§§#...#>...#.
#.§§§§§§§#####§§§.....#...
#.§§§§§§§.# ###§####>...#
####§##♣§♣#### #.# #....#
#.# #§....# #.# #.....
#.♣#♣§♣.♣.# #.# #....#
#...§§....# #.# #..?.#
##♣#♣.♣#♣## #.# ......


You could see Grinder and an orc priest.

Vanquished Creatures
  An adder (D:3)
  A dart slug (D:1)
  5 orcs (D:3)
  3 giant cockroaches
  A goblin (D:3)
  2 hobgoblins
  A kobold (D:1)
  A quokka (D:3)
  2 ball pythons
  2 bats
  2 frilled lizards (D:3)
21 creatures vanquished.

Vanquished Creatures (others)
  18 foxfires (D:3)
  2 plants (D:3)
20 creatures vanquished.

Grand Total: 41 creatures vanquished

Notes
Turn   | Place    | Note
-------+----------+-------------------------------------------
     0 | D:1      | croobank the Octopode Fire Elementalist began the quest for
                  | the Orb.
     0 | D:1      | Reached XP level 1. HP: 11/11 MP: 3/3
   332 | D:1      | Found a faded altar of an unknown god.
   798 | D:1      | Reached XP level 2. HP: 17/17 MP: 5/5
  1096 | D:2      | You fall into a shaft and drop 1 floor!
  1096 | D:3      | Found a bloodstained altar of Trog.
  1100 | D:3      | Learned a level 2 spell: Scorch
  1324 | D:3      | Reached XP level 3. HP: 21/21 MP: 1/6
  1427 | D:3      | Noticed Sigmund
  1483 | D:3      | Noticed Grinder
  1485 | D:3      | Paralysed by Grinder for 4 turns
  1490 | D:3      | Slain by an orc priest

Illustrated notes

Levels and vault maps discovered:
D:1:      matt_arrival_refuge, layout_loops_ring,
          chequers_ecumenical_altar_simple, minmay_misc_feat_tiny
D:2:      layout_basic, amcnicky_mini_corridor_feature
D:3:      layout_rooms, mainiacjoe_overflow_small_starburst,
          mainiacjoe_overflow_tiny_flanked, serial_forest,
          infiniplex_forest_zigzag_2, infiniplex_forest_lined_4_way,
          infiniplex_forest_straight_4, infiniplex_forest_clump_small,
          infiniplex_forest_lined_2, infiniplex_forest_clump_double,
          uniq_sigmund, uniq_grinder

Skill      XL: |  1  2 |
---------------+-------+-----
Stealth        | 3 |  3.3
Dodging        | |  2.4
Spellcasting   | |  2.3
Conjurations   | |  1.6
Fire Magic     | |  3.3

Action                   || total
-------------------------++-------
Melee: Staff             ||    17
       Constrict         ||     8
       Tentacles         ||     6
       Unarmed           ||     3
       Punch             ||     1
 Cast: Scorch            ||     8
       Foxfire           ||    12
  Use: Scroll            ||     1
       Potion            ||     1
 Stab: Sleeping          ||     2
Armor: Skin              ||     3
Dodge: Dodged            ||    10

Table legend: (Time is in decaauts)
 A = Elapsed time spent in this place.
 B = Non-inter-level travel time spent in this place.
 C = Inter-level travel time spent in this place.
 D = Time resting spent in this place.
 E = Time spent auto-exploring this place.
 F = Levels seen in this place.
 G = Mean time per level.
                   A        B        C        D        E       F      G
               +--------+--------+--------+--------+--------+-----+--------+
         Total |   1492 |   1486 |      6 |    201 |    978 |   3 |  497.3 |
       Dungeon |   1492 |   1486 |      6 |    201 |    978 |   3 |  497.3 |
               +--------+--------+--------+--------+--------+-----+--------+

Top non-repeatable levels by time:
     D:1: 1054 daAuts
     D:3: 394 daAuts
     D:2: 42 daAuts
